 Dungeon Crawl Stone Soup version 0.22.1-2-g9c5b331383 (webtiles) character file.

560 Marnok the Covered (level 7, -2/53 HPs)
             Began as a Human Fighter on Nov 30, 2018.
             Slain by a killer bee (4 damage)
             ... on level 5 of the Dungeon.
             The game lasted 00:21:56 (3174 turns).

Marnok the Covered (Human Fighter)                  Turns: 3174, Time: 00:21:57

Health: -2/53      AC: 13    Str: 18    XL:     7   Next: 57%
Magic:  7/7        EV:  8    Int:  9    God:
Gold:   153        SH: 10    Dex: 17    Spells: 6/6 levels left

rFire    . . .     SeeInvis .   a - +1 long sword
rCold    + . .     Gourm    .   c - +0 shield
rNeg     . . .     Faith    .   p - +0 plate armour
rPois    .         Spirit   .   (no helmet)
rElec    .         Reflect  .   (no cloak)
rCorr    .         Harm     .   j - +0 pair of gloves
MR       .....                  (no boots)
Stlth    ..........             (no amulet)
HPRegen  0.17/turn              g - ring of protection from cold
MPRegen  0.10/turn              (no ring)

@: agile, lethally poisoned (-2 -> -5)
A: no striking features
a: no special abilities


You were on level 5 of the Dungeon.
You were hungry.

You visited 1 branch of the dungeon, and saw 5 of its levels.

You collected 153 gold pieces.

Inventory:

Hand Weapons
 a - a +1 long sword (weapon)
 n - a +0 scythe
 s - a +0 long sword
Armour
 b - a +0 scale mail
 c - a +0 shield (worn)
 i - a cursed +0 pair of gloves
 j - a +0 pair of gloves (worn)
 p - a +0 plate armour (worn)
 q - a cursed +0 robe
Jewellery
 g - a ring of protection from cold (left hand)
Wands
 t - a wand of random effects (22)
Scrolls
 m - a scroll of magic mapping
 o - 3 scrolls of remove curse
Potions
 h - 3 potions of brilliance
Comestibles
 f - 8 rations


   Skills:
 + Level 3.9 Fighting
 + Level 4.8 Long Blades
 + Level 5.1 Armour
 + Level 0.6 Dodging
 + Level 4.5 Shields


You had 6 spell levels left.
You didn't know any spells.
Your spell library was empty.

Dungeon Overview and Level Annotations

Branches:
Dungeon (5/15)
 Temple: D:4-7

Altars:
Dithmenos
Fedhas
Uskayaw
Vehumet
Wu Jian

Annotations:
D:4 2 transporters, dondy's ghost, amateur HOAK


Message History

You block the killer bee's attack.
Okay, then.
Aiming: Random Effects
Press: ? - help, Shift-Dir - straight line, f/p - killer bee
Aim: a killer bee (lightly wounded)
The killer bee seems to speed up.
You feel sick. The killer bee barely misses you.
You riposte.
You slash the killer bee!
The killer bee is severely wounded.
The killer bee barely misses you.
The killer bee stings you but does no damage.
The killer bee stings you.
* * * LOW HITPOINT WARNING * * *
Aiming: Random Effects
Press: ? - help, Shift-Dir - straight line, f/p - killer bee
Aim: a killer bee (heavily wounded, fast)
The killer bee resists with significant effort.
The killer bee closely misses you.
You riposte.
You slash the killer bee!
You kill the killer bee!
You block the killer bee's attack. The killer bee stings you.
You die...

#########
#.......#
#.#...#.###
###.#y......#
###.....@.#.#.#
#...#.##### #
####.###.#
#......#..
#.##.#.#### #
#.#y#########
#..#.#...$...#
#.#.##y#.......#
#....Zya.......#


You could see a killer bee.

Vanquished Creatures
  Sigmund (D:4)
  3 killer bees
  A hound (D:4)
  A crimson imp (D:5)
  2 worker ants
  A hound skeleton (D:4)
  4 adders
  An ooze (D:1)
  2 adder skeletons
  2 worms
  2 dart slugs
  3 leopard geckos
  5 orcs (D:4)
  6 bats
  5 giant cockroaches
  11 goblins
  5 hobgoblins
  4 jackals
  9 kobolds
  A quokka (D:4)
  3 frilled lizards (D:1)
  4 rats
76 creatures vanquished.

Vanquished Creatures (collateral kills)
  A killer bee (D:5)
1 creature vanquished.

Grand Total: 77 creatures vanquished

Notes
Turn   | Place    | Note
-------+----------+-------------------------------------------
     0 | D:1      | Marnok the Human Fighter began the quest for the Orb.
     0 | D:1      | Reached XP level 1. HP: 18/18 MP: 1/1
    36 | D:1      | Reached XP level 2. HP: 23/24 MP: 2/2
   299 | D:1      | Reached XP level 3. HP: 29/29 MP: 3/3
   676 | D:2      | Reached XP level 4. HP: 13/35 MP: 4/4
  1026 | D:2      | Found an ornate altar of the Wu Jian Council.
  1050 | D:2      | Found a radiant altar of Vehumet.
  1071 | D:2      | Found a hide-covered altar of Uskayaw.
  1921 | D:3      | Reached XP level 5. HP: 41/41 MP: 5/5
  1982 | D:4      | Noticed an ogre
  2011 | D:4      | HP: 2/41 [hound (2)]
  2019 | D:4      | Reached skill level 4 in Armour
  2072 | D:5      | Entered Level 5 of the Dungeon
  2277 | D:4      | Reached XP level 6. HP: 12/48 MP: 6/6
  2620 | D:4      | Found a blossoming altar of Fedhas.
  2740 | D:4      | Noticed Sigmund
  2764 | D:4      | Killed Sigmund
  2764 | D:4      | Reached XP level 7. HP: 33/53 MP: 7/7
  2919 | D:4      | Found a transporter.
  2921 | D:4      | Noticed dondy's ghost (amateur HOAK)
  2922 | D:4      | Found a transporter.
  2974 | D:4      | Found a shadowy altar of Dithmenos.
  3165 | D:5      | Reached skill level 5 in Armour
  3173 | D:5      | HP: 2/53 [killer bee (3)]
  3174 | D:5      | Slain by a killer bee

Skill      XL: |  1  2  3  4  5  6  7 |
---------------+----------------------+-----
Long Blades    | 3 4 |  4.8
Armour         | 4 5 |  5.1
Shields        | 4 |  4.5
Fighting       | |  3.9
Dodging        | |  0.6

Action                   |  1- 3 |  4- 6 |  7- 9 || total
-------------------------+-------+-------+-------++-------
Melee: Long sword        |    66 |   231 |    63 ||   360
Evoke: Wand              |       |       |     3 ||     3
  Use: Scroll            |       |     8 |     3 ||    11
       Potion            |       |     5 |     3 ||     8
  Eat: Chunk             |       |     4 |       ||     4
       Ration            |       |     1 |       ||     1
Armor: Scale mail        |    36 |    30 |       ||    66
       Plate armour      |       |   125 |    51 ||   176
Dodge: Dodged            |    25 |    25 |     8 ||    58
Block: Shield            |    43 |   121 |    41 ||   205
       Rpst.: Long sword |    12 |     7 |     5 ||    24
